 Dungeon Crawl Stone Soup version 0.31-a0-1074-g0b22e4e0f1 (webtiles) character file.

Game seed: 7374147792229822477

506 lucidstorm14 the Chopper (level 6, -4/55 HPs)
             Began as a Minotaur Fighter on Dec 4, 2023.
             Killed by nerve-wracking pain
             ... invoked by a shadow imp
             ... summoned by Eustachio
              (14 damage)
             ... on level 5 of the Dungeon.
             The game lasted 00:24:16 (4667 turns).

lucidstorm14 the Chopper (Minotaur Fighter)         Turns: 4667, Time: 00:24:16

Health: -4/55      AC: 14    Str: 22    XL:     6   Next: 97%
Magic:  5/5        EV:  6    Int:  5    God:
Gold:   309        SH:  4    Dex: 10    Spells: 5/5 levels left

rFire   . . .        a - +0 war axe
rCold   . . .        c - +0 buckler
rNeg    . . .        h - +0 plate armour
rPois   .            (helmet restricted)
rElec   .            (no cloak)
rCorr   .            k - +1 pair of gloves
SInv    .            (no boots)
Will    .....        s - amulet of regeneration Stlth
                     (no ring)
HPRegen 1.09/turn    (no ring)
MPRegen 0.09/turn

%: no passive effects
@: lethally poisoned (-4 -> -6)
A: horns 2, retaliatory headbutt
a: no special abilities


You were on level 5 of the Dungeon.
You visited 1 branch of the dungeon, and saw 5 of its levels.

You collected 309 gold pieces.

Inventory:

Hand Weapons
 a - a +0 war axe (weapon)
Missiles
 f - 32 stones
 r - 2 poisoned darts
Armour
 b - a +0 scale mail
 c - a +0 buckler (worn)
 h - a +0 plate armour (worn)
 k - a +1 pair of gloves (worn)
 w - a scarf of harm
Jewellery
 i - a ring of fire
 s - an amulet of regeneration (around neck)
Talismans
 t - a beast talisman
Wands
 y - a wand of flame (14)
Scrolls
 e - a scroll of teleportation {unknown}
 g - 2 scrolls of identify
 m - 2 scrolls of poison {unknown}
 n - 3 scrolls of blinking
 o - a scroll of revelation {unknown}
 q - a scroll of immolation {unknown}
 u - 2 scrolls of fear {unknown}
 x - a scroll of enchant armour {unknown}
Potions
 d - a potion of might
 j - a potion of attraction {unknown}
 l - 2 potions of enlightenment {unknown}
 p - 3 potions of curing
 v - 2 potions of haste {unknown}
 z - a potion of heal wounds {unknown}


   Skills:
 + Level 4.8 Fighting
 + Level 6.4 Axes
 + Level 5.9 Armour
 + Level 0.1 Dodging
 + Level 4.6 Shields


You had 5 spell levels left.
You didn't know any spells.
Your spell library contained the following spells:

 Spells                   Type           Power      Damage    Failure   Level
 Magic Dart               Conj           0%         1d3       100%        1
 Blink                    Tloc           0%         N/A       100%        2
 Searing Ray              Conj           0%         2d4       100%        2
 Sublimation of Blood     Necr           0%         N/A       100%        2
 Wereblood                Tmut           0%         N/A       100%        2
 Fulminant Prism          Conj/Hex       0%         3d5       100%        4
 Manifold Assault         Tloc           0%         N/A       100%        4
 Summon Hydra             Summ           0%         N/A       100%        7


Dungeon Overview and Level Annotations

Branches:
Dungeon (5/15)
 Temple: D:4-7

Altars:
Xom

Annotations:
D:5 Eustachio


Innate Abilities, Weirdness & Mutations

You have a pair of horns on your head.
You reflexively headbutt those who attack you in melee.


Message History

Eustachio is moderately wounded.
You hit the river rat.
You kill the river rat!
The river rat's corpse disappears in a puff of smoke!
You miss the bat.
You feel very sick. The bat hits you but does no damage.
The bat barely misses you.
Eustachio gestures wildly while chanting.
Eustachio blinks!
You feel sick. The bat hits you but does no damage.
The shadow imp barely misses you.
You feel sick. The bat attacks as it pursues you! The bat barely misses you.
The bat closely misses you. You furiously retaliate!
You headbutt the bat!
You kill the bat!
The bat's corpse disappears in a puff of smoke!
Eustachio casts a spell.
Eustachio blinks!
The shadow imp hits you.
You feel sick.
The shadow imp hits you but does no damage.
You feel sick. The shadow imp barely misses you.
You closely miss Eustachio.
Eustachio is moderately wounded.
You hit the shadow imp.
You feel sick. Eustachio barely misses you.
The shadow imp hits you but does no damage.
Eustachio hits you with a +0 rapier of venom.
You are more poisoned.
You closely miss Eustachio. Your headbutt misses Eustachio.
Eustachio is moderately wounded.
You hit the shadow imp.
You feel very sick. The shadow imp hits you.
* * * LOW HITPOINT WARNING * * *
Eustachio gestures wildly while chanting.
Eustachio blinks!
The shadow imp closely misses you.
You feel very sick.
Eustachio gestures wildly while chanting.
Eustachio blinks!
The shadow imp gestures at you. Pain shoots through your body!
You die...

..........$......
.................
............ยง....
.##.##..##...##..
#.##..##...###
#...........$.
#..............
#..............
#.....@....####
#....5##...#
#.....# ...#
##....# ...#
#....##...#
#.........#
+>.<).....#
#..)).....# ####
##...##...#


You could see a shadow imp (summoned).

Vanquished Creatures
  Grinder (D:5)
  Menkaure (D:4)
  A hound (D:5)
  3 gnolls (D:5)
  6 adders
  2 worms
  An orc (D:4)
  4 endoplasms
  5 giant cockroaches
  9 goblins
  5 hobgoblins
  13 jackals
  5 quokkas
  9 ball pythons
  6 bats
  A frilled lizard (D:2)
  3 kobolds
  3 rats
78 creatures vanquished.

Notes
Turn   | Place    | Note
-------+----------+-------------------------------------------
     0 | D:1      | lucidstorm14 the Minotaur Fighter began the quest for the
                  | Orb.
     0 | D:1      | Reached XP level 1. HP: 19/19 MP: 0/0
   276 | D:1      | Reached XP level 2. HP: 26/27 MP: 1/1
   935 | D:1      | Reached XP level 3. HP: 30/33 MP: 2/2
  1096 | D:2      | Reached skill level 3 in Axes
  2482 | D:3      | Reached XP level 4. HP: 40/40 MP: 3/3
  2755 | D:3      | Found a shimmering altar of Xom.
  2760 | D:3      | Found a shimmering altar of Xom.
  2760 | D:3      | Found a shimmering altar of Xom.
  2761 | D:3      | Found a shimmering altar of Xom.
  2762 | D:3      | Found a shimmering altar of Xom.
  2762 | D:3      | Found a shimmering altar of Xom.
  2768 | D:3      | Reached skill level 4 in Axes
  2772 | D:3      | Found a shimmering altar of Xom.
  3696 | D:4      | Noticed Menkaure
  3701 | D:4      | Killed Menkaure
  3702 | D:4      | Reached skill level 5 in Axes
  3702 | D:4      | Reached skill level 5 in Armour
  3702 | D:4      | Reached XP level 5. HP: 36/46 MP: 4/4
  4534 | D:5      | Entered Level 5 of the Dungeon
  4534 | D:5      | Noticed Grinder
  4545 | D:5      | Reached XP level 6. HP: 37/53 MP: 5/5
  4549 | D:5      | Paralysed by Grinder for 2 turns
  4551 | D:5      | Killed Grinder
  4552 | D:5      | Reached skill level 6 in Axes
  4621 | D:5      | Noticed Eustachio
  4667 | D:5      | Killed from afar by a shadow imp

Illustrated notes

Levels and vault maps discovered:
D:1:      dpeg_arrival_water_temple_mockup, layout_basic
D:2:      layout_basic
D:3:      layout_loops_cross, nicolae_xom_altar_mimics, kennysheep_donut
D:4:      layout_gridville, uniq_menkaure
D:5:      layout_gridville, kennysheep_mini, general_overflow_altar,
          serial_shops, shop, uniq_eustachio, uniq_grinder

Skill      XL: |  1  2  3  4  5  6 |
---------------+-------------------+-----
Armour         | 4 5 |  5.9
Fighting       | 4 |  4.8
Shields        | 4 |  4.6
Axes           | 3 5 6 |  6.4
Dodging        | |  0.1

Action                     |  1- 3 |  4- 6 || total
---------------------------+-------+-------++-------
  Melee: War axe           |    93 |    74 ||   167
         Headbutt          |    14 |    12 ||    26
    Use: Scroll            |       |     2 ||     2
 Armour: Plate armour      |    84 |   113 ||   197
         Scale mail        |     4 |       ||     4
  Dodge: Dodged            |    23 |    42 ||    65
  Block: Buckler           |    20 |    19 ||    39

Table legend: (Time is in decaauts)
 A = Elapsed time spent in this place.
 B = Non-inter-level travel time spent in this place.
 C = Inter-level travel time spent in this place.
 D = Time resting spent in this place.
 E = Time spent auto-exploring this place.
 F = Levels seen in this place.
 G = Mean time per level.
                   A        B        C        D        E       F      G
               +--------+--------+--------+--------+--------+-----+--------+
         Total |   4726 |   4723 |      3 |      0 |   1841 |   5 |  945.2 |
       Dungeon |   4726 |   4723 |      3 |      0 |   1841 |   5 |  945.2 |
               +--------+--------+--------+--------+--------+-----+--------+

Top non-repeatable levels by time:
     D:2: 1375 daAuts
     D:4: 1350 daAuts
     D:1: 1064 daAuts
     D:3: 796 daAuts
     D:5: 139 daAuts
